 Dungeon Crawl Stone Soup version 0.26-a0-1129-gc5df7fbe6a (webtiles) character file.

Game seed: 8971650023154155079

19386 streetpizza the Destroyer (level 12, -13/106 HPs)
             Began as a Grey Draconian Conjurer on Dec 18, 2020.
             Was a High Priest of Vehumet.
             Mangled by a stone giant (29 damage)
             ... on level 12 of the Dungeon.
             The game lasted 01:10:27 (14791 turns).

streetpizza the Destroyer (DrCj)                   Turns: 14791, Time: 01:10:28

Health: -13/106    AC: 18    Str: 11    XL:     12   Next: 36%
Magic:  6/33       EV: 17    Int: 23    God:    Vehumet [*****.]
Gold:   276        SH:  0    Dex: 14    Spells: 16/28 levels left

rFire    + . .     SeeInvis .   M - staff of conjuration
rCold    . . .     Faith    .   (no shield)
rNeg     . . .     Spirit   .   (armour unavailable)
rPois    +         Reflect  .   (helmet restricted)
rElec    +         Harm     .   l - +1 cloak
rCorr    .         Rampage  .   K - +2 pair of gloves of Esisaceg {+Blink rElec rPois Dex+5}
Will     .....                  (no boots)
Stlth    ++........             y - amulet of regeneration
HPRegen  0.67/turn              m - ring of magical power
MPRegen  0.23/turn              N - ring "Baacw" {Wiz rElec rF+}

@: about to teleport, flayed
A: walk through water, unfitting armour, unbreathing, cold-blooded, AC +13
a: Renounce Religion, Evoke Blink


You were on level 12 of the Dungeon.
You worshipped Vehumet.
Vehumet was extremely pleased with you.
You visited 2 branches of the dungeon, and saw 13 of its levels.

You collected 778 gold pieces.
You spent 502 gold pieces at shops.

Inventory:

Hand Weapons
 d - a +3 flail of holy wrath
 p - a +3 quarterstaff of chaos
 H - a +6 dagger
Missiles
 k - 35 poisoned darts (quivered)
Armour
 l - a +1 cloak (worn)
 K - the +2 pair of gloves of Esisaceg (worn) {+Blink rElec rPois Dex+5}
   (You bought it in a shop on level 7 of the Dungeon)

   It affects your dexterity (+5).
   It insulates you from electricity.
   It protects you from poison.
   It lets you blink.
 Q - a +0 buckler
Magical Staves
 M - an uncursed staff of conjuration (weapon)
Jewellery
 m - a ring of magical power (left hand)
 v - an uncursed ring of ice
 y - an amulet of regeneration (around neck)
 G - an uncursed ring of flight
 J - an uncursed ring of stealth
 N - the ring "Baacw" (right hand) {Wiz rElec rF+}
   (You found it on level 11 of the Dungeon)

   [ring of wizardry]

   It improves your spell success rate.
   It protects you from fire.
   It insulates you from electricity.
Wands
 j - a wand of flame (54)
 n - a wand of acid (12)
 x - a wand of paralysis (22)
 B - a wand of random effects (8)
Scrolls
 b - 3 scrolls of amnesia {unknown}
 e - 18 scrolls of identify {unknown}
 g - 2 scrolls of magic mapping {unknown}
 i - 5 scrolls of remove curse
 q - 4 scrolls of enchant armour
 s - 2 scrolls of enchant weapon {unknown}
 t - a scroll of teleportation
 u - a scroll of noise {unknown}
 z - a scroll of vulnerability {unknown}
 A - 2 scrolls of blinking {unknown}
 C - a scroll of random uselessness {unknown}
 E - 2 scrolls of immolation {unknown}
 I - a scroll of silence {unknown}
 L - a scroll of holy word {unknown}
Potions
 a - 3 potions of haste {unknown}
 c - 2 potions of brilliance {unknown}
 f - 9 potions of curing {unknown}
 h - 3 potions of lignification {unknown}
 o - a potion of attraction {unknown}
 r - a potion of heal wounds
 w - 2 potions of flight {unknown}
 D - a potion of magic {unknown}
 F - 2 potions of might {unknown}
 P - a potion of berserk rage {unknown}
Miscellaneous
 O - a tin of tremorstones (2/2)


   Skills:
 - Level 10.1 Fighting
 - Level 8.7 Dodging
 - Level 1.7 Stealth
 + Level 0.0 Shields
 - Level 8.9 Spellcasting
 - Level 11.9 Conjurations
 - Level 4.1 Fire Magic
 - Level 0.4 Ice Magic
 - Level 5.4 Earth Magic


You had 16 spell levels left.
You knew the following spells:

 Your Spells              Type           Power        Failure   Level
a - Magic Dart            Conj           100%         1%          1
b - Searing Ray           Conj           100%         1%          2
c - Lee's Rapid Deconstr  Erth           17%          2%          5
d - Iskenderun's Mystic   Conj/Tloc      54%          1%          4

Your spell library contained the following spells:

 Spells                   Type           Power        Failure   Level
 Hailstorm                Conj/Ice       55%          1%          4
 Conjure Flame            Conj/Fire      63%          1%          3
 Dazzling Flash           Conj/Hex       100%         1%          3
 Mephitic Cloud           Conj/Pois/Air  42%          1%          3
 Fulminant Prism          Conj/Hex       27%          1%          4
 Corona                   Hex            11%          2%          1
 Summon Small Mammal      Summ           40%          2%          1
 Ensorcelled Hibernation  Hex/Ice        22%          3%          2
 Blink                    Tloc           N/A          4%          2
 Call Imp                 Summ           10%          4%          2
 Slow                     Hex            10%          4%          2
 Call Canine Familiar     Summ           10%          8%          3
 Confusing Touch          Hex            10%          8%          3
 Summon Guardian Golem    Hex/Summ       10%          8%          3
 Tukima's Dance           Hex            10%          8%          3
 Summon Ice Beast         Ice/Summ       11%          22%         4
 Summon Lightning Spire   Summ/Air       10%          26%         4


Dungeon Overview and Level Annotations

Branches:
Dungeon (12/15)            Temple (1/1) D:4            Lair (0/6) D:9
    Orc (0/2) D:10

Altars:
Ashenzari
Cheibriados
Dithmenos
Elyvilon
Fedhas
Gozag
Hepliaklqana
Kikubaaqudgha
Makhleb
Nemelex Xobeh
Okawaru
Qazlal
Ru
Sif Muna
Trog
Uskayaw
Vehumet
Wu Jian
Xom
Yredelemnul
Zin
The Shining One

Shops:
D:7 [

Annotations:
D:10 Snorg


Innate Abilities, Weirdness & Mutations

You can walk through water.
Your dull iron-grey scales are very hard. (AC +13)
You cannot fit into any form of body armour.
You can survive without breathing.
You are cold-blooded and may be slowed by cold attacks.


Message History

The searing ray misses the flayed ghost.
The stone giant throws a large rock.
The large rock closely misses you.
The searing ray hits the stone giant.
The stone giant is moderately wounded.
The searing ray hits the flayed ghost!
The flayed ghost is heavily damaged.
The stone giant throws a large rock.
The large rock hits you!!!
* * * LOW HITPOINT WARNING * * *
The searing ray hits the stone giant.
The stone giant is moderately wounded.
The searing ray hits the flayed ghost!!
The flayed ghost is severely damaged.
You finish channeling your searing ray.
The flayed ghost cries, "Feel what I felt!"
As you read the scroll of teleportation, it crumbles to dust.
You feel strangely unstable. The stone giant barely misses you.
The great orb of eyes turns its gaze towards you.
The stone giant hits you!!
You die...

##. ##....).#.....##.##
#...#...[#..†..#..[()[.
#...#..[###############
#..###..# ## #..##
#...# ##..# #..(# ##
#.@## #..###C.#
#...#..o#########
#...#(.(W(....... ##.
##...##.⌠.##. # ##...#
.[# ##### ## ....
#....##


You could see an orc warlord, a stone giant and a flayed ghost.

Vanquished Creatures
  A tengu reaver (D:12)
  4 two-headed ogres
  A tengu warrior (D:12)
  A deep troll earth mage (D:12)
  A wizard (D:12)
  Pikel (D:5)
  An elephant (D:9)
  2 manticores
  An ugly thing (D:10)
  A cyclops (D:12)
  A gargoyle (D:11)
  2 trolls
  Grinder (D:4)
  2 wyverns
  2 shadows
  Eustachio (D:4)
  11 yaks
  4 hogs (D:9)
  2 wraiths
  A basilisk (D:9)
  A human (D:9)
  Menkaure (D:5)
  Edmund (D:4)
  Duvessa (D:5)
  2 orc warriors
  A sky beast (D:9)
  3 black bears
  A necrophage (D:8)
  5 phantoms
  6 ogres
  5 centaurs
  2 lemures (D:5)
  5 bullfrogs
  A big kobold (D:9)
  A wyvern zombie (D:8)
  A gnoll sergeant (D:7)
  Dowan (D:5)
  4 scorpions
  10 killer bees
  3 troll zombies
  6 howler monkeys (D:8)
  10 wights
  6 electric eels
  2 bullfrog zombies (D:10)
  2 centaur zombies
  5 jellies
  A quasit (D:9)
  4 human zombies (D:8)
  A gnoll shaman (D:7)
  5 orc priests
  Crazy Yiuf (D:3)
  10 hounds
  14 orc wizards
  A bullfrog skeleton (D:7)
  2 human skeletons (D:8)
  4 iguanas
  Ijyb (D:5)
  8 worker ants
  5 ogre zombies (D:10)
  2 hound skeletons
  Robin (D:2)
  2 worker ant zombies
  15 adders
  22 gnolls
  3 shadow imps
  A white imp (D:10)
  2 ufetubi
  3 oozes
  An adder skeleton (D:9)
  2 worms
  2 dart slugs
  7 leopard geckos
  34 orcs
  5 giant cockroaches
  14 goblins
  8 hobgoblins
  11 jackals
  6 quokkas
  2 ball pythons
  10 bats
  9 frilled lizards
  A goblin skeleton (D:10)
  A goblin zombie (D:10)
  2 hobgoblin skeletons (D:10)
  2 hobgoblin zombies (D:10)
  A jackal zombie (D:7)
  14 kobolds
  2 orc skeletons (D:10)
  13 orc zombies
  11 rats
393 creatures vanquished.

Vanquished Creatures (others)
  A big kobold (D:11)
  A worker ant (D:9)
  3 fungi
  44 plants
49 creatures vanquished.

Grand Total: 442 creatures vanquished

Notes
Turn   | Place    | Note
-------+----------+-------------------------------------------
     0 | D:1      | streetpizza the Draconian Conjurer began the quest for the
                  | Orb.
     0 | D:1      | Reached XP level 1. HP: 14/14 MP: 3/3
   294 | D:1      | Reached XP level 2. HP: 22/22 MP: 1/5
   297 | D:1      | Learned a level 2 spell: Searing Ray
   928 | D:1      | Reached skill level 1 in Fighting
  1352 | D:2      | Reached XP level 3. HP: 28/28 MP: 1/6
  1451 | D:2      | Reached XP level 4. HP: 22/35 MP: 1/7
  1705 | D:2      | Reached skill level 5 in Conjurations
  1839 | D:2      | Reached XP level 5. HP: 41/41 MP: 9/9
  1973 | D:2      | Found a blossoming altar of Fedhas.
  1973 | D:2      | Found an ancient bone altar of Kikubaaqudgha.
  1974 | D:2      | Found a hide-covered altar of Uskayaw.
  2387 | D:3      | Noticed Robin
  2401 | D:2      | Killed Robin
  3216 | D:3      | Found a runed translucent door.
  3217 | D:3      | Noticed Crazy Yiuf
  3226 | D:3      | Killed Crazy Yiuf
  3227 | D:3      | Reached XP level 6. HP: 25/50 MP: 10/10
  3890 | D:4      | You fall into a shaft and drop 3 floors!
  3929 | D:6      | Reached skill level 6 in Conjurations
  4065 | D:6      | Found a broken altar of Ashenzari.
  4162 | D:6      | Your scales start taking on a dull iron-grey colour.
  4162 | D:6      | Reached XP level 7. HP: 57/57 MP: 12/12
  4162 | D:6      | Gained mutation: You can survive without breathing. [Grey
                  | Draconian growth]
  4361 | D:5      | Entered Level 5 of the Dungeon
  4390 | D:5      | Noticed Dowan
  4392 | D:5      | Noticed Duvessa
  4570 | D:4      | Noticed Edmund
  4694 | D:4      | Killed Edmund
  4913 | D:4      | Noticed Eustachio
  4950 | D:4      | Killed Eustachio
  4951 | D:4      | Reached skill level 7 in Conjurations
  4954 | D:4      | Found a staircase to the Ecumenical Temple.
  4986 | D:4      | Reached XP level 8. HP: 49/66 MP: 14/14
  5084 | Temple   | Entered the Ecumenical Temple
  5088 | Temple   | Became a worshipper of Vehumet
  5274 | D:4      | Noticed Grinder
  5287 | D:4      | Paralysed by Grinder for 2 turns
  5309 | D:4      | Paralysed by Grinder for 3 turns
  5313 | D:4      | Killed Grinder
  5716 | D:5      | Killed Duvessa
  5720 | D:5      | Killed Dowan
  5757 | D:5      | Noticed Ijyb
  5761 | D:5      | Killed Ijyb
  5762 | D:5      | Reached skill level 5 in Fighting
  5762 | D:5      | Reached skill level 8 in Conjurations
  5788 | D:5      | Noticed Pikel
  5820 | D:5      | Killed Pikel
  5821 | D:5      | Reached skill level 5 in Dodging
  5821 | D:5      | Reached skill level 5 in Spellcasting
  5821 | D:5      | Reached XP level 9. HP: 63/74 MP: 15/16
  6250 | D:5      | Noticed Menkaure
  6262 | D:5      | Killed Menkaure
  6455 | D:5      | Reached skill level 9 in Conjurations
  6994 | D:6      | Reached * piety under Vehumet
  6994 | D:6      | Offered knowledge of Shock by Vehumet.
  7429 | D:6      | You fall into a shaft and drop 1 floor!
  7702 | D:7      | Found a radiant altar of Vehumet.
  7964 | D:7      | Found Uferisudu's Armour Shop.
  8006 | D:7      | Found a sacrificial altar of Ru.
  8274 | D:8      | Found a stormy altar of Qazlal.
  8283 | D:8      | Noticed a manticore
  8389 | D:8      | Killed a manticore
  8558 | D:8      | Reached skill level 10 in Conjurations
  8564 | D:8      | Reached XP level 10. HP: 84/84 MP: 18/19
  8886 | D:8      | Reached ** piety under Vehumet
  8979 | D:8      | Offered knowledge of Foxfire by Vehumet.
  9003 | D:8      | Found a basalt altar of Yredelemnul.
  9790 | D:9      | Found a staircase to the Lair.
  9790 | D:9      | Noticed an elephant
  9824 | D:9      | Killed an elephant
  9825 | D:9      | Reached skill level 1 in Fire Magic
 10083 | D:9      | Offered knowledge of Inner Flame by Vehumet.
 10129 | D:9      | Reached *** piety under Vehumet
 10309 | D:9      | Noticed a two-headed ogre
 10349 | D:9      | Killed a two-headed ogre
 10350 | D:9      | Reached XP level 11. HP: 95/95 MP: 22/22
 10442 | D:9      | Offered knowledge of Conjure Flame by Vehumet.
 10537 | D:9      | Reached skill level 11 in Conjurations
 10789 | D:9      | Found a sparkling altar of Nemelex Xobeh.
 11089 | D:7      | Bought the +2 pair of gloves of Esisaceg {+Blink rElec
                  | rPois Dex+5} for 502 gold pieces
 11148 | D:10     | Entered Level 10 of the Dungeon
 11219 | D:10     | Reached **** piety under Vehumet
 11222 | D:10     | Noticed a boulder beetle
 11250 | D:10     | Found a staircase to the Orcish Mines.
 11379 | D:10     | Offered knowledge of Lee's Rapid Deconstruction by Vehumet.
 11386 | D:10     | Learned a level 5 spell: Lee's Rapid Deconstruction
 11418 | D:10     | Noticed a red ugly thing
 11753 | D:10     | Killed a red ugly thing
 11887 | D:10     | Noticed a two-headed ogre
 11980 | D:9      | Killed a two-headed ogre
 11981 | D:9      | Reached skill level 1 in Earth Magic
 12277 | D:10     | Learned a level 4 spell: Iskenderun's Mystic Blast
 12709 | D:11     | Got a crude lead ring
 12711 | D:11     | Identified the ring "Baacw" {Wiz rElec rF+} (You found it
                  | on level 11 of the Dungeon)
 13043 | D:11     | Found the +8 orange crystal plate armour {Archmagi, Int+3
                  | Clar}
 13176 | D:11     | Noticed Snorg
 13803 | D:12     | Reached ***** piety under Vehumet
 13900 | D:12     | Offered knowledge of Hailstorm by Vehumet.
 14066 | D:12     | Noticed a two-headed ogre
 14148 | D:12     | Killed a two-headed ogre
 14183 | D:12     | Noticed a wizard
 14189 | D:12     | Killed a wizard
 14190 | D:12     | Reached XP level 12. HP: 102/106 MP: 24/24
 14205 | D:12     | Noticed a tengu warrior
 14214 | D:12     | Killed a tengu warrior
 14239 | D:12     | Noticed a tengu reaver
 14264 | D:12     | Killed a tengu reaver
 14524 | D:12     | Noticed a two-headed ogre
 14532 | D:12     | Killed a two-headed ogre
 14533 | D:12     | Reached skill level 10 in Fighting
 14533 | D:12     | Reached skill level 5 in Earth Magic
 14611 | D:12     | Noticed a deep troll earth mage
 14635 | D:12     | Killed a deep troll earth mage
 14767 | D:12     | Noticed an orc warlord
 14774 | D:12     | Noticed a stone giant
 14788 | D:12     | Noticed a great orb of eyes
 14791 | D:12     | Mangled by a stone giant

Illustrated notes

Levels and vault maps discovered:
D:1:      nicolae_arrival_somewhat_less_tricky_arrival, layout_basic,
          wad_floor_pattern_2, minmay_misc_feat_rows
D:2:      kennysheep_big_flooded_room, layout_basic,
          gammafunk_temple_overflow_forgotten
D:3:      minmay_spotlight, layout_basic, uniq_robin, uniq_crazy_yiuf_cottage
D:4:      layout_rooms, temple_green, uniq_edmund, uniq_eustachio, uniq_grinder
D:5:      layout_basic, uniq_ijyb, uniq_menkaure, uniq_duvessa, uniq_pikel
D:6:      layout_basic, kennysheep_nub, minmay_misc_feat_tower,
          ashenzari_altar_1
D:7:      layout_cave_pools, lemuel_round_altar, serial_gnoll_camp,
          gnoll_camp_mini_hut, gnoll_camp_mini_hut, gnoll_camp_mini_hut,
          gnoll_camp_mini_hut, basic_altar, serial_shops,
          nicolae_shop_behind_doors
D:8:      statuecave_lemuel, layout_loops_corners,
          nicolae_qazlal_style_of_elements, lemuel_mausoleum_altar_yredelemnul
D:9:      layout_cave_pools, nemelex_xobeh_ov_fountains_minmay,
          david_lair_generic, serial_bayou, serial_bayou_lake_a,
          serial_bayou_pond_a, serial_bayou_pond_b, serial_bayou_crossing,
          grunt_livestock
D:10:     layout_long_grid, zombieorc1_lemuel
D:11:     layout_basic, uniq_snorg
D:12:     minmay_tile_spiral, layout_small_grid, kennysheep_pointless_box,
          minmay_misc_feat_more_columns
Temple:   nicolae_temple_x_marks_the_god

Skill      XL: |  1  2  3  4  5  6  7  8  9 10 11 12 |
---------------+-------------------------------------+-----
Dodging        | 2 3 4 5 6 7 8 |  8.7
Fighting       | 1 2 3 4 5 6 8 9 10 | 10.1
Conjurations   | 5 6 7 8 10 11 | 11.9
Spellcasting   | 3 4 5 6 7 8 |  8.9
Fire Magic     | 3 4 |  4.1
Earth Magic    | 4 5 |  5.4
Stealth        | |  1.7
Ice Magic      | |  0.4

Action                   |  1- 3 |  4- 6 |  7- 9 | 10-12 || total
-------------------------+-------+-------+-------+-------++-------
Melee: Club              |     5 |     4 |       |       ||     9
       Flail             |       |   108 |       |   282 ||   390
       Trident           |       |    15 |       |       ||    15
       Tailslap          |       |    10 |    25 |    46 ||    81
       Quarterstaff      |       |    46 |   291 |   222 ||   559
Throw: Dart              |       |       |       |     4 ||     4
 Cast: Magic Dart        |    45 |     4 |       |     2 ||    51
       Searing Ray       |     2 |    11 |    21 |    73 ||   107
       Iskenderun's Myst |       |       |       |    35 ||    35
       Lee's Rapid Decon |       |       |       |    10 ||    10
  Use: Scroll            |       |       |     3 |     4 ||     7
       Potion            |       |       |       |     2 ||     2
 Stab: Sleeping          |       |     3 |     6 |     3 ||    12
       Petrified         |       |     1 |     7 |       ||     8
       Petrifying        |       |     1 |       |       ||     1
       Paralysed         |       |       |     1 |     2 ||     3
       Distracted        |       |       |     1 |     1 ||     2
       Confused          |       |       |     1 |       ||     1
Armor: Skin              |     2 |    67 |   134 |   277 ||   480
Dodge: Dodged            |    11 |   130 |   224 |   592 ||   957

Table legend: (Time is in decaauts)
 A = Elapsed time spent in this place.
 B = Non-inter-level travel time spent in this place.
 C = Inter-level travel time spent in this place.
 D = Time resting spent in this place.
 E = Time spent auto-exploring this place.
 F = Levels seen in this place.
 G = Mean time per level.
                   A        B        C        D        E       F      G
               +--------+--------+--------+--------+--------+-----+--------+
         Total |  15171 |  14763 |    408 |   1007 |   9962 |  13 | 1167.0 |
       Dungeon |  15114 |  14713 |    401 |   1007 |   9917 |  12 | 1259.5 |
        Temple |     57 |     50 |      7 |      0 |     45 |   1 |   57.0 |
               +--------+--------+--------+--------+--------+-----+--------+

Top non-repeatable levels by time:
     D:9: 1753 daAuts
     D:8: 1636 daAuts
     D:4: 1582 daAuts
     D:2: 1312 daAuts
    D:10: 1302 daAuts
     D:5: 1300 daAuts
     D:3: 1178 daAuts
     D:1: 1153 daAuts
    D:12: 1023 daAuts
     D:6: 1015 daAuts
    D:11: 996 daAuts
     D:7: 859 daAuts
  Temple: 57 daAuts
